 Dungeon Crawl Stone Soup version 0.29.1-1-gd02db6906a (webtiles) character file.

Game seed: 13437095085546939451

523 Descartes the Shield-Bearer (level 7, -6/51 (55) HPs)
             Began as a Formicid Fighter on Sept 29, 2022.
             Mangled by a gnoll
             ... wielding a +0 halberd
              (9 damage)
             ... on level 4 of the Dungeon.
             The game lasted 00:04:58 (3586 turns).

Descartes the Shield-Bearer (Formicid Fighter)      Turns: 3586, Time: 00:04:58

HP:   -6/51 (55)    AC: 10    Str: 27    XL:     7   Next: 46%
MP:   7/7           EV:  5    Int:  9    God:
Gold: 204           SH:  0    Dex: 13    Spells: 6/6 levels left

rFire   . . .      SeeInvis +   a - +0 war axe
rCold   . . .      Faith    .   c - +0 buckler
rNeg    . . .      Spirit   .   n - +2 leather armour {Will+}
rPois   .          Reflect  .   (helmet unavailable)
rElec   .          Harm     .   (no cloak)
rCorr   .          Rampage  .   (no gloves)
Will    +....                   o - +0 pair of boots
Stlth   +.........              (no amulet)
HPRegen 0.17/turn               e - +4 ring of protection
MPRegen 0.10/turn               p - +6 ring of strength

@: brilliant, attractive, held, drained
A: permanent stasis, dig shafts and tunnels, antennae 3, four strong arms,
mutation resistance 1
a: Dig, Shaft Self


You were on level 4 of the Dungeon.
You visited 1 branch of the dungeon, and saw 4 of its levels.

You collected 204 gold pieces.

Inventory:

Hand Weapons
 a - a +0 war axe (weapon)
 s - a +1 vorpal sling
 u - a +2 dagger of electrocution
 v - a +2 mace of protection
Missiles
 t - 4 poisoned darts
Armour
 c - a +0 buckler (worn)
 n - a +2 leather armour of willpower (worn)
 o - a +0 pair of boots (worn)
Jewellery
 e - a +4 ring of protection (left hand)
 f - a ring of wizardry
 p - a +6 ring of strength (right hand)
Scrolls
 h - 2 scrolls of magic mapping {unknown}
 k - a scroll of vulnerability {unknown}
 m - 3 scrolls of identify {unknown}
 q - a scroll of silence {unknown}
 r - a scroll of enchant armour {unknown}
 w - a scroll of poison {unknown}
 x - a scroll of butterflies {unknown}
 y - a scroll of fear {unknown}
Potions
 b - a potion of ambrosia {unknown}
 d - 2 potions of might
 i - 2 potions of mutation
 j - a potion of attraction
 l - a potion of haste {unknown}


   Skills:
 + Level 4.8 Fighting
 + Level 3.7 Axes
 + Level 4.9 Armour
 + Level 6.0 Shields
 + Level 2.7 Translocations


You had 6 spell levels left.
You didn't know any spells.
Your spell library was empty.

Dungeon Overview and Level Annotations

Branches:
Dungeon (4/15)
 Temple: D:4-7

Altars:
Cheibriados
Zin

Shops:
D:3 ?((


Innate Abilities, Weirdness & Mutations

You cannot be hasted, slowed, berserked, paralysed or teleported.
You can dig through walls and to a lower floor.
You have a pair of large antennae on your head. (SInv)
Your four strong arms can wield two-handed weapons with a shield.
You are somewhat resistant to further mutation.


Message History

The gnoll hits you from afar with a +0 spear.
The gnoll hits you with the +9 long sword of Birpha Daeg {drain, rN+ Stlth+}.
You feel drained.
You hit the gnoll.
The gnoll is heavily wounded.
The gnoll hits you with the +9 long sword of Birpha Daeg {drain, rN+ Stlth+}.
You feel drained.
The gnoll hits you from afar with a +0 spear.
You slash the gnoll!
You kill the gnoll!
The gnoll misses you.
A gnoll comes into view. It is wielding a +0 halberd.
The gnoll shouts!
The gnoll hits you but does no damage.
Things that are here:
the +9 long sword of Birpha Daeg {drain, rN+ Stlth+}; a +1 spear of pain; the +1 ring mail "Nopia" {Contam Harm Will+ Slay+6} You slash the gnoll!
You kill the gnoll!
The gnoll throws a throwing net.
The throwing net hits you.
You become entangled in the net!
Your Shields skill increases to level 6!
You struggle against the net.
You tear a large gash into the net.
The gnoll hits you from afar with a +0 halberd!
* * * LOW HITPOINT WARNING * * *
You struggle against the net.
The gnoll hits you from afar with a +0 halberd!
* * * LOW HITPOINT WARNING * * *
It was a potion of mutation.
You feel extremely strange.
You feel genetically stable.
The gnoll hits you from afar with a +0 halberd.
* * * LOW HITPOINT WARNING * * *
Okay, then.
It was a potion of attraction.
You feel attractive to monsters. The gnoll hits you but does no damage.
The gnoll is attracted toward you.
It was a potion of brilliance.
You feel clever all of a sudden. The gnoll hits you with a +0 halberd!
You die...

#.#.# #.###.## #...#
#.. #.## { ##..# #.#
#.## #..# ### #.##
#..####### #.##
##.......# #.##
#.##....# #.## #.#
..... #.## #@# #### #
#...§g.......# #
#........###########...
#.####.#... #_..8#>##
.. ....... #....####
.###...# #....'..# .
...# ###..#..# #. ...#
#A#.8#..# ######.)'


You could see a gnoll.

Vanquished Creatures
  Sigmund (D:4)
  A scorpion (D:4)
  An orc wizard (D:3)
  A mummy (D:3)
  13 gnolls
  6 adders
  2 worms
  6 orcs (D:3)
  3 ball pythons
  5 bats
  9 endoplasms
  3 giant cockroaches
  8 hobgoblins
  2 jackals (D:3)
  5 quokkas
  2 frilled lizards
  5 goblins
  5 kobolds
  5 rats
83 creatures vanquished.

Notes
Turn   | Place    | Note
-------+----------+-------------------------------------------
     0 | D:1      | Descartes the Formicid Fighter began the quest for the Orb.
     0 | D:1      | Reached XP level 1. HP: 18/18 MP: 1/1
    42 | D:1      | You fall into a shaft and drop 1 floor!
   147 | D:1      | Reached XP level 2. HP: 24/24 MP: 2/2
   526 | D:1      | Reached XP level 3. HP: 29/29 MP: 3/3
  1051 | D:2      | Found a faded altar of an unknown god.
  1504 | D:2      | Reached skill level 1 in Translocations
  1987 | D:3      | Reached XP level 4. HP: 37/37 MP: 4/4
  2062 | D:3      | Reached XP level 5. HP: 29/42 MP: 5/5
  2189 | D:3      | Found a snail-covered altar of Cheibriados.
  2366 | D:3      | Found Satadama's Weapon Emporium.
  2542 | D:3      | Reached skill level 5 in Shields
  2743 | D:3      | Found Uruzxar's Weapon Shoppe.
  2779 | D:3      | Found Yxkerrem's Magic Scroll Shoppe.
  2873 | D:4      | Reached XP level 6. HP: 39/48 MP: 6/6
  3299 | D:4      | Noticed Sigmund
  3308 | D:4      | Killed Sigmund
  3309 | D:4      | Reached XP level 7. HP: 49/55 MP: 7/7
  3344 | D:4      | Found a glowing silver altar of Zin.
  3345 | D:4      | Noticed an angel
  3567 | D:4      | Identified the +1 ring mail "Nopia" {Contam Harm Will+
                  | Slay+6}
  3572 | D:4      | Identified the +9 long sword of Birpha Daeg {drain, rN+
                  | Stlth+}
  3581 | D:4      | Reached skill level 6 in Shields
  3584 | D:4      | Gained mutation: You are somewhat resistant to further
                  | mutation. [potion of mutation]
  3584 | D:4      | HP: 2/51 [gnoll/+0 halberd (1)]
  3586 | D:4      | Mangled by a gnoll

Illustrated notes

Levels and vault maps discovered:
D:1:      scummos_arrival_hexagon, layout_loops_ring, grunt_decor_one_mirror,
          fountainhead
D:2:      layout_basic, ebering_ecumenical_altar_box, kennysheep_generic_room_5
D:3:      layout_rooms, slow_altar_1, serial_shops, shop_statue,
          nicolae_shop_behind_doors, shop, minmay_close_crescents
D:4:      layout_basic, zin_angel, yredelemnul_altar_generic,
          hangedman_abyss_or_decor_stagger, uniq_sigmund

Skill      XL: |  1  2  3  4  5  6  7 |
---------------+----------------------+-----
Translocations | 1 2 |  2.7
Fighting       | 4 |  4.8
Armour         | 4 |  4.9
Axes           | 3 |  3.7
Shields        | 5 6 |  6.0

Action                   |  1- 3 |  4- 6 |  7- 9 || total
-------------------------+-------+-------+-------++-------
Melee: War axe           |    65 |   133 |    22 ||   220
  Use: Potion            |       |       |     3 ||     3
 Stab: Sleeping          |       |     1 |     1 ||     2
Armor: Scale mail        |    16 |       |       ||    16
       Leather armour    |    11 |    79 |    11 ||   101
Dodge: Dodged            |    20 |    81 |    12 ||   113
Block: Buckler           |    12 |    40 |     6 ||    58
